Map: Rovine di Seras

Players

NeutronX

  • Race: Terran Terran
  • League: Grandmaster

Mørtebianca (Arès)

  • Race: Terran Terran
  • League: Diamond

Arès

  • Race: Zerg Zerg
  • League: Master

Jhyrachy

  • Race: Zerg Zerg
  • League: Silver

VOD

Have the link to the VOD?

Description

Time

  • Played on: Dec. 3, 2015, 5:13 p.m.
  • Length: 7:56
Show
View Real Time Build Order
Export as new Build Order

NeutronX Terran 

Build Orders: Command Center First (CC), MMM Bio 

Get SALT Encoding   

  12  0:01  SCV  
  13  0:14  SCV  
  14  0:26  Supply Depot  
  14  0:27  SCV  
  15  0:48  SCV  
  16  1:00  Command Center  
  16  1:03  SCV  
  17  1:15  Barracks  
  17  1:19  SCV  
  18  1:31  SCV  
  19  1:34  Barracks  
  19  1:43  SCV  
  20  1:55  Refinery x2  
  20  1:58  SCV  
  21  2:02  Marine  
  21  2:10  Orbital Command  
  21  2:20  Orbital Command  
  21  2:22  Marine  
  22  2:25  Marine  
  23  2:35  SCV  
  24  2:40  Marine  
  24  2:43  Marine  
  26  2:45  SCV  
  26  2:47  SCV  
  28  2:55  Factory  
  28  2:57  SCV  
  28  2:58  Marine  
  30  3:01  Marine  
  31  3:05  SCV  
  31  3:11  Supply Depot  
  31  3:12  SCV  
  33  3:16  Barracks Tech Lab  
  33  3:19  Marine, SCV  
  35  3:24  SCV  
  36  3:31  SCV  
  37  3:36  Marine, Stimpack  
  37  3:37  Marine  
  37  3:41  SCV  
  40  3:44  Supply Depot  
  40  3:48  SCV  
  41  3:49  Bunker  
  41  3:52  Factory Reactor  
  41  3:55  Marine x2  
  41  3:56  Starport  
  41  3:59  SCV  
  44  4:03  Supply Depot  
  44  4:05  SCV  
  45  4:11  SCV  
  45  4:13  Marine  
  48  4:17  SCV  
  48  4:23  Liberator x2  
  48  4:24  SCV  
  48  4:26  Marine  
  48  4:30  SCV  
  51  4:37  Engineering Bay  
  51  4:39  SCV, Engineering Bay  
  51  4:44  SCV  
  59  4:53  SCV  
  59  4:55  Supply Depot  
  60  5:03  SCV  
  60  5:05  Terran Infantry Weapons Level 1, Terran Infantry Armor Level 1  
  61  5:08  Supply Depot  
  61  5:14  Supply Depot  
  62  5:16  Barracks Reactor, SCV  
  62  5:17  Marine  
  62  5:19  SCV  
  62  5:20  Supply Depot  
  64  5:23  Refinery  
  64  5:25  Refinery  
  64  5:28  SCV  
  65  5:31  SCV  
  65  5:34  Marine, Medivac  
  69  5:40  SCV  
  70  5:44  SCV  
  70  5:47  Supply Depot  
  70  5:48  Command Center  
  71  5:52  Marine, Barracks  
  71  5:53  Barracks  
  71  5:54  Barracks  
  71  5:56  Armory  
  72  5:58  SCV  
  72  5:59  SCV  
  74  6:06  Marine x2  
  74  6:10  Marine, SCV  
  78  6:11  SCV  
  78  6:17  Supply Depot, Medivac  
  81  6:19  Medivac  
  81  6:22  SCV  
  81  6:25  Marine  
  85  6:27  Supply Depot  
  85  6:29  Combat Shields  
  85  6:30  Factory Tech Lab  
  85  6:34  SCV  
  85  6:36  Marauder, Supply Depot  
  88  6:42  Barracks Reactor  
  88  6:43  Barracks Reactor, Barracks Tech Lab  
  88  6:47  Marine, Medivac  
  88  6:48  Marine  
  88  6:49  SCV  
  92  6:57  Marine  
  93  7:05  Marine  
  93  7:08  Marauder, Marine  
  92  7:15  Marine  
  91  7:18  Refinery x2  
  91  7:19  Marine x3  
  91  7:20  Marine  
  95  7:23  Marine  
  95  7:26  Marine  
  95  7:29  Marine  
  98  7:32  SCV  
  98  7:33  Marine  
  101  7:37  Marine x2  
Show
View Real Time Build Order
Export as new Build Order

Mørtebianca Terran 

Build Orders:  

Get SALT Encoding   

  12  0:01  Drone  
  13  0:08  Drone  
  14  0:17  Overlord  
  14  0:35  Drone  
  14  0:36  Drone x2  
  17  0:56  Hatchery  
  16  0:59  Drone  
  16  1:02  Extractor  
  16  1:04  Drone  
  17  1:19  Spawning Pool  
  17  1:22  Drone  
  17  1:25  Drone  
  18  1:33  Drone  
  19  1:42  Overlord  
  19  1:53  Drone  
  20  2:05  Metabolic Boost  
  20  2:06  Queen  
  22  2:12  Queen  
  24  2:17  Drone  
  24  2:19  Drone  
  24  2:21  Drone  
  27  2:24  Drone  
  28  2:48  Hatchery  
  27  3:02  Drone x3  
  27  3:03  Zergling x2  
  27  3:04  Zergling x2  
  32  3:09  Queen  
  34  3:23  Overlord x2  
  33  3:42  Zergling x2  
  33  3:43  Zergling x6  
  37  4:02  Queen  
  39  4:03  Overlord  
  39  4:50  Baneling Nest  
  38  4:54  Drone x3  
  38  4:55  Drone  
  38  4:59  Drone x2  
  44  5:02  Extractor  
  43  5:20  Drone x3  
  46  5:34  Overlord x3  
  46  5:38  Baneling x4  
  46  5:39  Baneling  
  46  5:41  Zergling x6  
  49  5:55  Pneumatized Carapace  
  49  5:57  Overlord x2  
  49  6:00  Zergling x16  
  49  6:01  Zergling x18  
  53  6:38  Queen  
  40  7:19  Evolution Chamber  
Show
View Real Time Build Order
Export as new Build Order

Arès Zerg 

Build Orders:  

Get SALT Encoding   

Show
View Real Time Build Order
Export as new Build Order

Jhyrachy Zerg 

Build Orders:  

Get SALT Encoding   

Tags
 
Add a new tag
Caveats
  • Supply blocks, unpowered buildings, or Contaminate may cause inaccurate times.
  • Supply counts are checked every 10 seconds.